 Dungeon Crawl Stone Soup version 0.29.0-4-gdea44cf6ec (webtiles) character file.

Game seed: 9120218749764710093

42 qw the Chopper (level 3, 0/21 HPs)
             Began as a Tengu Warper on Aug 28, 2022.
             Slain by a gnoll
             ... wielding a +0 flail
              (4 damage)
             ... on level 2 of the Dungeon.
             The game lasted 00:00:07 (1679 turns).

qw the Chopper (Tengu Warper)                       Turns: 1679, Time: 00:00:07

Health: 0/21       AC:  7    Str: 13    XL:     3   Next: 56%
Magic:  7/7        EV: 12    Int: 13    God:
Gold:   23         SH:  0    Dex: 13    Spells: 6/6 levels left

rFire   . . .      SeeInvis .   Y - +0 hand axe
rCold   . . .      Faith    .   (no shield)
rNeg    . . .      Spirit   .   b - +0 leather armour
rPois   .          Reflect  .   (helmet restricted)
rElec   .          Harm     .   (no cloak)
rCorr   .          Rampage  .   (no gloves)
Will    .....                   (boots unavailable)
Stlth   +.........              (no amulet)
HPRegen 0.07/turn               d - +4 ring of protection
MPRegen 0.10/turn               (no ring)

@: no status effects
A: beak, talons 3
a: no special abilities


You were on level 2 of the Dungeon.
You visited 1 branch of the dungeon, and saw 2 of its levels.

You collected 23 gold pieces.


Innate Abilities, Weirdness & Mutations

You have a beak for a mouth.
You have claws for feet.


   Skills:
 - Level 2.0 Fighting
 + Level 4.2 Axes
 - Level 1.0 Throwing
 - Level 1.1 Armour
 - Level 2.1 Dodging
 - Level 2.0 Spellcasting
 - Level 2.4 Translocations


You had 6 spell levels left.
You didn't know any spells.
Your spell library contained the following spells:

 Spells                   Type           Power      Damage    Failure   Level
 Blink                    Tloc           14%        N/A       19%         2
 Gell's Gravitas          Tloc           7%         N/A       36%         3
 Lesser Beckoning         Tloc           7%         N/A       36%         3
 Teleport Other           Tloc           7%         N/A       36%         3
 Manifold Assault         Tloc           7%         N/A       98%         5

Inventory:

Hand Weapons
 h - a +0 club
 Y - a +0 hand axe (weapon)
Missiles
 i - 2 boomerangs (quivered)
Armour
 b - a +0 leather armour (worn)
Jewellery
 d - a +4 ring of protection (left hand)
Potions
 e - a potion of resistance {unknown}

Dungeon Overview and Level Annotations

Branches:
Dungeon (2/15)

Altars:


Message History

You kill the goblin!
A gnoll comes into view. It is wielding a +0 spear.
The gnoll shouts!
You hear an angry hiss.
A frilled lizard comes into view.
You hear a shout!
A gnoll comes into view. It is wielding a +0 flail.
The gnoll shouts!
A gnoll comes into view. It is wielding a +0 spear.
Found a scroll labelled IMOTUI KIXA.
The gnoll misses you.
You barely miss the gnoll. You claw the gnoll.
The gnoll is heavily wounded.
The gnoll misses you.
You hit the gnoll.
The gnoll is almost dead.
You closely miss the gnoll.
The gnoll is almost dead.
You completely miss the gnoll.
A frilled lizard comes into view.
The gnoll closely misses you. The gnoll hits you but does no damage.
The frilled lizard hisses angrily.
You hit the gnoll.
You kill the gnoll!
You hit the gnoll. The gnoll barely misses you.
You barely miss the gnoll. Your kick misses the gnoll.
The gnoll is lightly wounded.
The gnoll closely misses you. The gnoll barely misses you.
You hit the gnoll. You claw the gnoll, but do no damage.
The gnoll is lightly wounded.
The gnoll barely misses you. x2
You barely miss the gnoll. You claw the gnoll.
The gnoll is moderately wounded.
The gnoll hits you with a +0 flail!
Ouch! That really hurt!
The gnoll hits you from afar with a +0 spear.
You hit the gnoll. Your kick misses the gnoll.
The gnoll is heavily wounded.
The gnoll hits you with a +0 flail.
You die...

#.#
#..#..###...#..#.
#.#
#.....###..##..#
#######.....%..#
#.##.##.##
#.##.#)..#
#?##.....#
#.##.#...#
#.##.##.##
#@......#
#...gg)...####
....l.######
#####. . ##


You could see 2 gnolls and a frilled lizard.

Vanquished Creatures
  A gnoll (D:2)
  A dart slug (D:1)
  4 bats (D:1)
  4 endoplasms (D:1)
  2 giant cockroaches (D:1)
  5 hobgoblins
  A kobold (D:1)
  2 quokkas
  4 frilled lizards
  3 goblins
  A rat (D:1)
28 creatures vanquished.

Notes
Turn   | Place    | Note
-------+----------+-------------------------------------------
     0 | D:1      | qw the Tengu Warper began the quest for the Orb.
     0 | D:1      | Reached XP level 1. HP: 12/12 MP: 4/4
     0 | D:1      | 0 ||| qw: Version: 0.1-a-89-g26bdef1
     0 | D:1      | 0 ||| qw: Game counter: 2953
     0 | D:1      | 0 ||| qw: Always use a shield: true
     0 | D:1      | 0 ||| qw: God list: Okawaru
     0 | D:1      | 0 ||| qw: Allow faded altars: false
     0 | D:1      | 0 ||| qw: Do Orc after D:15 true
     0 | D:1      | 0 ||| qw: Do second Lair branch before Depths: true
     0 | D:1      | 0 ||| qw: Lair rune preference: random
     0 | D:1      | 0 ||| qw: Plans: Normal
     0 | D:1      | 0 ||| PLANNING D:1-11
   135 | D:1      | HP: 3/12 [bat (1)]
   378 | D:1      | Reached skill level 3 in Axes
   378 | D:1      | Reached XP level 2. HP: 13/17 MP: 6/6
   828 | D:1      | 828 ||| Stepping ~*~*~tactically~*~*~ (stealth).
   830 | D:1      | 830 ||| Stepping ~*~*~tactically~*~*~ (stealth).
   855 | D:1      | 855 ||| Stepping ~*~*~tactically~*~*~ (stealth).
   900 | D:1      | 900 ||| Stepping ~*~*~tactically~*~*~ (stealth).
  1181 | D:1      | Reached XP level 3. HP: 15/21 MP: 7/7
  1403 | D:1      | 1403 ||| UPGRADING to +4 ring of protection.
  1404 | D:1      | 1404 ||| READING scroll labelled FEZAIB YLIM.
  1405 | D:1      | 1405 ||| DRINKING 2 fuming brown potions.
  1406 | D:1      | 1406 ||| DROPPING scroll of blinking.
  1407 | D:1      | 1407 ||| Stepping randomly (stuck).
  1408 | D:1      | 1408 ||| Stepping ~*~*~tactically~*~*~ (cloud).
  1409 | D:1      | 1409 ||| DRINKING potion of curing.
  1409 | D:1      | 1409 ||| (to cure poison)
  1523 | D:2      | Reached skill level 4 in Axes
  1654 | D:2      | 1654 ||| Stepping ~*~*~tactically~*~*~ (stealth).
  1655 | D:2      | 1655 ||| Stepping ~*~*~tactically~*~*~ (stealth).
  1678 | D:2      | HP: 4/21 [gnoll/+0 spear (6)]
  1679 | D:2      | Slain by a gnoll

Levels and vault maps discovered:
D:1:      minmay_arrival_wavy_path, layout_basic
D:2:      layout_loops_cross

Skill      XL: |  1  2  3 |
---------------+----------+-----
Axes           | 3 4 |  4.2
Fighting       | |  2.0
Throwing       | |  1.0
Armour         | |  1.1
Dodging        | |  2.1
Spellcasting   | |  2.0
Translocations | |  2.4

Action                   || total
-------------------------++-------
Melee: Hand axe          ||    87
       Peck              ||     8
       Kick              ||     8
Throw: Boomerang         ||    11
  Use: Potion            ||     2
       Scroll            ||     1
 Stab: Sleeping          ||     1
Armor: Leather armour    ||    21
Dodge: Dodged            ||    53

Table legend:
 A = Non-vault XP
 B = Vault XP
 C = Vault XP percentage of total XP
 D = Non-vault monster count
 E = Vault monster count
 F = Vault count percentage of total count
                 A         B        C        D         E       F
            +---------+---------+-------+---------+---------+-------
      Total |      61 |       0 |   0.0 |      28 |       0 |   0.0
            +---------+---------+-------+---------+---------+-------
        D:1 |      41 |       0 |   0.0 |      23 |       0 |   0.0
        D:2 |      20 |       0 |   0.0 |       5 |       0 |   0.0
            +---------+---------+-------+---------+---------+-------
